 Dungeon Crawl Stone Soup version 0.22-a0-284-g99d1f7439c (webtiles) character file.

1169 Pylon the Cleaver (level 8, -2/68 HPs)
             Began as a Deep Dwarf Fighter on Mar 22, 2018.
             Slain by an ogre
             ... wielding a +0 giant club
              (19 damage)
             ... on level 5 of the Dungeon.
             The game lasted 00:04:24 (3207 turns).

Pylon the Cleaver (Deep Dwarf Fighter)              Turns: 3207, Time: 00:04:25

Health: -2/68      AC:  9    Str: 22    XL:     8   Next: 17%
Magic:  7/7        EV:  7    Int:  9    God:
Gold:   141        SH:  9    Dex: 12    Spells: 7/7 levels left

rFire    . . .     SeeInvis .   a - +0 war axe
rCold    . . .     Gourm    .   c - +0 shield
rNeg     . . .     Faith    .   b - +0 scale mail
rPois    .         Spirit   .   j - +0 helmet
rElec    .         Reflect  .   C - +0 cloak
rCorr    .         Harm     .   (no gloves)
MR       +....                  (no boots)
Stlth    ..........             (no amulet)
HPRegen  0.00/turn              (no ring)
MPRegen  0.10/turn              (no ring)

@: lethally poisoned (-2 -> -9), non-regenerating
A: damage resistance, heal wounds, sense surroundings 1, no regeneration
a: Heal Wounds


You were on level 5 of the Dungeon.
You were hungry.

You visited 1 branch of the dungeon, and saw 5 of its levels.

You collected 141 gold pieces.

Inventory:

Hand Weapons
 a - a +0 war axe (weapon)
Armour
 b - a +0 scale mail (worn)
 c - a +0 shield (worn)
 j - a +0 helmet (worn)
 C - a +0 cloak (worn)
Jewellery
 s - an uncursed amulet of magic regeneration {unknown}
Wands
 z - a wand of flame (38)
Scrolls
 h - 3 scrolls of identify {unknown}
 i - a scroll of enchant armour {unknown}
 k - a scroll of teleportation {unknown}
 m - 4 scrolls of remove curse {unknown}
 q - a scroll of magic mapping {unknown}
 u - 2 scrolls of amnesia {unknown}
 v - a scroll of blinking {unknown}
 w - a scroll of fog {unknown}
 x - a scroll of noise {unknown}
 y - a scroll of fear {unknown}
Potions
 d - 3 potions of might
 e - a potion of heal wounds {unknown}
 g - 2 potions of haste
 l - 2 potions of lignification {unknown}
 n - a potion of brilliance {unknown}
 o - a potion of magic {unknown}
 p - 2 potions of flight {unknown}
 r - a potion of mutation {unknown}
 t - a potion of ambrosia {unknown}
 A - a potion of berserk rage {unknown}
 B - a potion of cancellation {unknown}
Comestibles
 f - 8 rations


   Skills:
 + Level 2.7 Fighting
 + Level 10.6 Axes
 + Level 3.4 Armour
 + Level 0.1 Dodging
 + Level 3.3 Shields
 * Level 1.1 Evocations


You had 7 spell levels left.
You didn't know any spells.

Dungeon Overview and Level Annotations

Branches:
Dungeon (5/15)
 Temple: D:4-7

Altars:
Qazlal
The Shining One

Shops:
D:4 :


Innate Abilities, Weirdness & Mutations

You are resistant to damage.
You can heal yourself by infusing magical energy.
You passively map a small area around you.
You do not regenerate.


Message History

You are more poisoned.
The adder poisons you!
The orc priest begins to cast a cantrip, but forgets the words!
The adder bites you but does no damage. The ogre barely misses you.
Unknown command.
You feel very sick.
Unknown command.
You barely miss the adder.
The adder is lightly wounded.
You feel very sick. The adder bites you but does no damage.
You slash the adder!
You kill the adder!
Your Evocations skill increases to level 1!
You feel sick.
You barely miss the ogre.
The ogre is severely wounded.
You feel very sick. The ogre hits you with a giant club!!
You die...

** ## * , ,,..
#############
*#.*
#.......<..^.
#.
#.##########.
, #.* ####.# ,
#####h###....#
*
#....oO@..####
#.###r##### ,
#o. , * * #..*
* *#.. *#.. *
... * * #.# *


You could see an ogre, a hound, an orc priest, an orc and a quokka.

Vanquished Creatures
  Pikel (D:4)
  Grinder (D:4)
  Edmund (D:4)
  A water moccasin (D:5)
  An ogre (D:4)
  Crazy Yiuf (D:4)
  2 worker ants (D:4)
  Robin (D:4)
  A worker ant zombie (D:3)
  4 adders
  A worm (D:2)
  A dart slug (D:1)
  3 leopard geckos
  10 orcs
  11 bats
  3 giant cockroaches
  18 goblins
  12 hobgoblins
  4 jackals (D:3)
  A quokka (D:2)
  A ball python (D:3)
  7 frilled lizards
  A jackal skeleton (D:4)
  6 kobolds
  8 rats
101 creatures vanquished.

Notes
Turn   | Place    | Note
-------+----------+-------------------------------------------
     0 | D:1      | Pylon the Deep Dwarf Fighter began the quest for the Orb.
     0 | D:1      | Reached XP level 1. HP: 20/20 MP: 1/1
   116 | D:1      | Reached skill level 3 in Axes
   138 | D:1      | Reached XP level 2. HP: 27/27 MP: 2/2
   950 | D:2      | Reached XP level 3. HP: 26/33 MP: 3/3
   983 | D:2      | Reached skill level 4 in Axes
  1646 | D:3      | Found a faded altar of an unknown god.
  1661 | D:3      | Reached XP level 4. HP: 15/40 MP: 4/4
  1772 | D:3      | Reached skill level 5 in Axes
  2323 | D:4      | Reached XP level 5. HP: 42/46 MP: 5/5
  2356 | D:4      | Noticed a slave
  2357 | D:4      | Noticed a slave
  2357 | D:4      | Noticed Pikel
  2357 | D:4      | Noticed a slave
  2358 | D:4      | Noticed a slave
  2375 | D:4      | Killed Pikel
  2375 | D:4      | Reached skill level 8 in Axes
  2375 | D:4      | Reached XP level 6. HP: 20/55 MP: 6/6
  2375 | D:4      | Reached XP level 7. HP: 22/61 MP: 7/7
  2591 | D:4      | Noticed Grinder
  2611 | D:4      | Killed Grinder
  2611 | D:4      | Reached skill level 9 in Axes
  2613 | D:4      | Noticed Edmund
  2630 | D:4      | Killed Edmund
  2630 | D:4      | Reached skill level 10 in Axes
  2654 | D:4      | Found a stormy altar of Qazlal.
  2706 | D:4      | Found Qaum's Book Emporium.
  2718 | D:4      | Found a runed door.
  2736 | D:4      | Noticed Robin
  2753 | D:4      | Killed Robin
  2845 | D:4      | Reached XP level 8. HP: 53/68 MP: 8/8
  3010 | D:4      | Found a glowing golden altar of the Shining One.
  3128 | D:4      | Noticed Crazy Yiuf
  3134 | D:4      | Killed Crazy Yiuf
  3172 | D:5      | Entered Level 5 of the Dungeon
  3206 | D:5      | Reached skill level 1 in Evocations
  3207 | D:5      | Slain by an ogre

Vault maps used:
D:1:      giann_wishing_wells
D:3:      first_ration, chequers_ecumenical_altar_simple,
          small_statue_intersection
D:4:      tso_altar, serial_shops, shop, grunt_qazlal_sundering, uniq_grinder,
          uniq_pikel, uniq_crazy_yiuf_cottage, uniq_edmund, uniq_robin
D:5:      grunt_dithmenos_shadows, uniq_duvessa

Skill      XL: |  1  2  3  4  5  6  7  8 |
---------------+-------------------------+-----
Axes           | 3 4 5 8 10 | 10.6
Evocations     | 1 |  1.1
Fighting       | |  2.7
Armour         | |  3.4
Dodging        | |  0.1
Shields        | |  3.3

Action                   |  1- 3 |  4- 6 |  7- 9 || total
-------------------------+-------+-------+-------++-------
Melee: War axe           |   116 |    88 |   100 ||   304
 Abil: Heal Wounds       |       |     2 |     6 ||     8
  Eat: Chunk             |     2 |     2 |     3 ||     7
Armor: Scale mail        |    53 |    54 |    29 ||   136
Dodge: Dodged            |    29 |    36 |    28 ||    93
Block: Shield            |    54 |    69 |    47 ||   170

Table legend:
 A = Spawn XP
 B = Non-spawn XP
 C = Spawn XP percentage of total XP
 D = Spawn monster count
 E = Non-spawn monster count
 F = Spawn count percentage of total count
 G = Total turns spent on level
                    A         B        C        D         E        F      G
               +---------+---------+-------+---------+---------+-------+---------
         Total |       0 |    1670 |   0.0 |       0 |     101 |   0.0 |  3207
               +---------+---------+-------+---------+---------+-------+---------
           D:1 |       0 |      40 |   0.0 |       0 |      23 |   0.0 |   934
           D:2 |       0 |      41 |   0.0 |       0 |      19 |   0.0 |   692
           D:3 |       0 |      85 |   0.0 |       0 |      30 |   0.0 |   690
           D:4 |       0 |    1336 |   0.0 |       0 |      26 |   0.0 |   856
           D:5 |       0 |     168 |   0.0 |       0 |       3 |   0.0 |    35
               +---------+---------+-------+---------+---------+-------+---------
